Map: Ley Lines

Players

Claw - Winner!

  • Race: Zerg Zerg
  • League: Master
  • Spawn Location: 1:00

I.A. 1 (Muito fácil)

  • Race: Protoss Protoss
  • Spawn Location: 7:00

VOD

Have the link to the VOD?

Description

Time

  • Played on: April 10, 2025, 5:10 p.m.
  • Length: 11:14
Show
View Real Time Build Order
Export as new Build Order

Claw Zerg - Winner!

Build Orders: Pool First 

Get SALT Encoding   

  12  0:00  Drone  
  13  0:10  Drone  
  14  0:14  Extractor  
  14  0:15  Drone  
  15  0:21  Overlord  
  15  0:36  Spawning Pool  
  15  0:40  Drone  
  15  0:44  Drone  
  15  0:47  Drone  
  17  1:07  Hatchery  
  17  1:10  Drone  
  17  1:23  Zergling x4  
  19  1:33  Hatchery  
  18  1:44  Queen  
  20  1:52  Drone  
  20  1:53  Overlord  
  21  1:59  Drone  
  22  2:14  Drone x2  
  24  2:22  Queen, Drone  
  25  2:27  Drone  
  28  2:32  Drone  
  28  2:35  Drone  
  30  2:41  Drone  
  31  2:48  Hatchery  
  30  2:51  Drone x3  
  30  2:56  Drone  
  34  3:00  Drone x2  
  34  3:02  Overlord  
  36  3:06  Drone  
  36  3:08  Drone  
  36  3:10  Drone  
  40  3:12  Drone  
  40  3:14  Drone  
  41  3:21  Extractor  
  41  3:22  Spore Crawler  
  41  3:23  Extractor, Spore Crawler  
  41  3:24  Drone  
  41  3:26  Drone  
  39  3:32  Drone x2  
  41  3:36  Drone x3  
  41  3:39  Overlord  
  44  3:44  Overlord  
  44  3:54  Drone x6  
  50  4:03  Drone x7  
  60  4:10  Drone x3  
  60  4:16  Metabolic Boost  
  60  4:20  Drone x4, Spore Crawler  
  60  4:22  Drone x2  
  65  4:26  Extractor  
  65  4:27  Extractor  
  63  4:31  Extractor  
  63  4:32  Extractor, Drone x3  
  63  4:37  Queen  
  66  4:40  Lair  
  66  4:45  Evolution Chamber, Drone  
  65  4:46  Drone x2  
  65  4:47  Drone x3  
  65  4:48  Drone  
  65  4:50  Overlord  
  72  4:53  Overlord  
  72  5:08  Queen  
  72  5:10  Drone x2  
  72  5:12  Overlord x3  
  76  5:16  Zerg Melee Weapons Level 1  
  76  5:17  Hatchery  
  75  5:22  Zergling x14  
  75  5:27  Zergling x2  
  75  5:28  Zergling x10  
  88  5:31  Zergling x2  
  89  5:42  Drone, Spire  
  89  5:43  Zergling x6  
  92  5:51  Overlord  
  92  5:52  Overlord x3  
  93  5:57  Zergling x16  
  100  6:11  Zergling x2  
  100  6:12  Zergling x10  
  100  6:17  Overlord x3  
  100  6:18  Overlord  
  106  6:33  Overseer  
  106  6:34  Pneumatized Carapace  
  106  6:35  Burrow  
  106  6:38  Drone x5  
  106  6:39  Drone x3  
  114  6:53  Queen, Spore Crawler  
  115  6:55  Mutalisk x10  
  115  6:59  Mutalisk x2  
  139  7:03  Mutalisk x2  
  139  7:06  Mutalisk  
  145  7:14  Zerg Flyer Weapons Level 1  
  144  7:18  Extractor  
  144  7:20  Extractor  
  144  7:21  Zerg Melee Weapons Level 2  
  142  7:25  Drone  
  143  7:33  Mutalisk x2  
  147  7:43  Mutalisk x2  
  149  7:46  Mutalisk  
  153  7:54  Infestation Pit  
  153  7:55  Drone x2  
  154  8:03  Drone x4  
  158  8:32  Hive  
  158  8:35  Overlord x4  
  158  8:36  Overlord  
  158  8:45  Hatchery  
  157  9:07  Hatchery  
  156  9:11  Hatchery  
  155  9:19  Hatchery  
  154  9:26  Hatchery  
  153  9:44  Ultralisk Cavern  
  152  9:51  Hatchery  
  151  10:03  Overseer  
  151  10:17  Drone  
  151  10:18  Drone x5  
  154  10:42  Zergling x6  
Show
View Real Time Build Order
Export as new Build Order

I.A. 1 (Muito fácil) Protoss 

Build Orders:  

Get SALT Encoding   

  12  0:00  Probe  
  13  0:13  Probe  
  14  0:20  Pylon  
  14  0:37  Assimilator  
  14  0:43  Gateway  
  14  0:46  Pylon  
  14  1:13  Assimilator  
  14  1:22  Probe  
  14  1:24  Zealot  
  14  1:31  Probe  
  17  1:33  Cybernetics Core  
  18  1:41  Probe  
  19  1:53  Probe  
  20  2:01  Probe  
  21  2:09  Probe, Warp Gate  
  22  2:43  Stalker  
  24  5:59  Probe  
  24  6:19  Probe  
  24  6:47  Probe  
  24  7:10  Stalker  
  24  7:12  Pylon  
  22  7:19  Probe  
  23  7:27  Probe  
  23  7:30  Nexus  
  23  7:32  Robotics Facility  
  23  7:34  Pylon  
  23  7:37  Probe  
  22  7:38  Zealot  
  25  7:49  Probe  
  26  8:01  Probe  
  27  8:07  Stalker  
  29  8:20  Observer  
  29  8:35  Stalker  
  29  8:37  Observer  
  32  8:41  Nexus  
  31  9:29  Adept  
  33  9:53  Observer  
  33  9:54  Probe  
  34  10:00  Assimilator  
  34  10:02  Probe  
  34  10:05  Assimilator  
  35  10:10  Probe  
  36  10:17  Probe  
  37  10:24  Probe  
  38  10:31  Probe, Zealot  
  38  10:34  Probe  
  21  10:51  Probe  
  19  11:00  Zealot  
Tags
 
League
Master
Matchup
PvZ
Opening
Pool First
Spawn Locations
Cross Positions
Add a new tag
Caveats
  • Supply blocks, unpowered buildings, or Contaminate may cause inaccurate times.
  • Supply counts are checked every 10 seconds.